 Dungeon Crawl Stone Soup version 0.30.0-5-g1a98f26d00 (webtiles) character file.

Game seed: 18021532298697891396

3140 CoinPitGoblin the Thaumaturge (level 9, -4/62 HPs)
             Began as a Demonspawn Conjurer on May 11, 2023.
             Was a Believer of Sif Muna.
             Slain by a troll (14 damage)
             ... on level 7 of the Dungeon.
             The game lasted 00:16:22 (9549 turns).

CoinPitGoblin the Thaumaturge (Demonspawn Conjurer) Turns: 9549, Time: 00:16:23

Health: -4/62      AC: 10    Str:  7    XL:     9   Next: 61%
Magic:  19/22      EV: 13    Int: 24    God:    Sif Muna [**....]
Gold:   459        SH:  0    Dex: 12    Spells: 23/26 levels left

rFire   . . .        g - +0 rapier (chaos)
rCold   + . .        (no shield)
rNeg    . . .        F - +3 leather armour
rPois   .            (helmet restricted)
rElec   .            w - +0 cloak
rCorr   .            e - +2 pair of gloves
SInv    .            (no boots)
Will    .....        h - amulet of regeneration
Stlth   ++           f - ring of protection from cold
HPRegen 1.10/turn    p - ring of flight
MPRegen 0.18/turn

%: no passive effects
@: flying
A: antennae 2, hooves 2, demonic touch 1
a: Renounce Religion, Channel Magic


You were on level 7 of the Dungeon.
You worshipped Sif Muna.
Sif Muna was pleased with you.
You visited 2 branches of the dungeon, and saw 8 of its levels.

You collected 459 gold pieces.

Inventory:

Hand Weapons
 c - a +0 short sword
 g - a +0 rapier of chaos (weapon)
Missiles
 t - 4 throwing nets
Armour
 a - a +0 robe
 e - a +2 pair of gloves (worn)
 w - a +0 cloak (worn)
 F - a +3 leather armour (worn)
Magical Staves
 E - a staff of air
Jewellery
 d - a ring of ice
 f - a ring of protection from cold (left hand)
 h - an amulet of regeneration (around neck)
 p - a ring of flight (right hand)
Wands
 m - a wand of mindburst (16)
 D - a wand of digging (8)
Scrolls
 j - a scroll of brand weapon
 k - a scroll of enchant armour {unknown}
 n - 2 scrolls of immolation {unknown}
 o - 5 scrolls of identify {unknown}
 q - 3 scrolls of teleportation {unknown}
 r - a scroll of vulnerability {unknown}
 s - a scroll of fear {unknown}
 u - 2 scrolls of enchant weapon {unknown}
 y - a scroll of magic mapping
 G - a scroll of poison {unknown}
Potions
 b - a potion of magic
 i - 2 potions of brilliance
 l - a potion of haste
 v - a potion of mutation {unknown}
 z - a potion of berserk rage {unknown}
 A - a potion of flight {unknown}
 B - a potion of might {unknown}
 C - 3 potions of invisibility {unknown}


   Skills:
 + Level 2.9 Fighting
 + Level 0.2 Armour
 + Level 5.7 Dodging
 - Level 1.7 Stealth
 + Level 9.3 Spellcasting
 - Level 5.8 Conjurations
 * Level 5.8 Invocations


You had 23 spell levels left.
You knew the following spells:

 Your Spells              Type           Power      Damage    Failure   Level
a - Searing Ray           Conj           78%        2d7       1%          2
q - Magic Dart            Conj           100%       1d8       1%          1

Your spell library contained the following spells:

 Spells                   Type           Power      Damage    Failure   Level
 Dazzling Flash           Conj/Hex       50%        N/A       8%          3
 Fulminant Prism          Conj/Hex       12%        3d8       24%         4
 Iskenderun's Mystic Bla  Conj/Tloc      25%        2d7       24%         4


Dungeon Overview and Level Annotations

Branches:
Dungeon (7/15)             Temple (1/1) D:4

Altars:
Cheibriados
Fedhas
Gozag
Makhleb
Nemelex Xobeh
Ru
Sif Muna
Trog
Uskayaw
Wu Jian
Xom
Yredelemnul


Innate Abilities, Weirdness & Mutations

You have a pair of antennae on your head.
You have hoof-like feet.
Your touch may inflict minor irresistible damage on your foes.


Message History

The troll barely misses you. x2; The troll claws you but does no damage.
A kobold demonologist comes into view.
It is wielding the +6 long sword of the Healing Pariah {heavy, Fragile rCorr Int+4}.
The troll bites you!! The troll claws you but does no damage.
The troll closely misses you.
The kobold demonologist shouts!
Okay, then.
You feel much better. The troll bites you. The troll claws you!!
The troll closely misses you.
An orc wizard comes into view. It is wielding a staff of conjuration.
The troll attacks as you move away! The troll closely misses you.
The troll claws you! The troll closely misses you.
Casting: Searing Ray (safe; 1% risk of failure)
Confirm with . or Enter, or press ? or * to list all spells.
Okay, then.
Okay, then.
Casting: Searing Ray (safe; 1% risk of failure)
Confirm with . or Enter, or press ? or * to list all spells.
Aiming: Searing Ray (safe; 1% risk of failure)
Press: ? - help, Shift-Dir - straight line, f - kobold demonologist
Aim: a kobold demonologist, wielding the +6 long sword of the Healing Pariah {heavy, Fragile rCorr Int+4} and wearing a +0 robe (73% to hit)
The searing ray hits the troll!
The troll is moderately wounded.
The searing ray hits the kobold demonologist.
The kobold demonologist is lightly wounded. (Press . to maintain the ray.)
The kobold demonologist casts a spell.
The troll closely misses you. The troll claws you. The troll barely misses you.
The searing ray hits the troll.
The troll is heavily wounded.
The searing ray hits the white imp!
The white imp is severely wounded.
The searing ray hits the kobold demonologist.
The kobold demonologist is lightly wounded.
The searing ray hits the orc wizard!
The orc wizard is heavily wounded.
The kobold demonologist mumbles some strange words.
The troll closely misses you. The troll claws you!
* * * LOW HITPOINT WARNING * * *
The troll claws you!
You die...

##....### #.#
###...### #.#
###...### #.. #...###
# #.#### { # #....###
# { # #.###..### .##
###{{{ ##
#...###..###.# #.. ###
.# ###...###@T#.# #.#
##.. .#
###...###5K###.#
####.#. .#
###...###o5#.###..#.#.
.#
###...##5.###.#.#.#.
.# ###..###..#.#)#.#.
.# #....###.##.#.#. .#
#.##...####.#.#. .##
#....#...###.##.
..##########
###..###....####.


You could see a kobold demonologist, a troll (strong), an iron imp (summoned),
an orc wizard, a quasit (summoned) and a white imp (summoned).

Vanquished Creatures
  Eustachio (D:6)
  A steam dragon (D:7)
  An acid dragon (D:7)
  4 water moccasins
  5 black bears
  2 ogres
  2 orc warriors
  A centaur (D:5)
  2 bullfrogs (D:7)
  6 scorpions
  3 wights (D:6)
  2 howler monkeys
  2 hounds
  3 orc priests (D:5)
  A gnoll bouda (D:7)
  7 iguanas
  5 orc wizards
  7 gnolls
  10 adders
  A shadow imp (D:7)
  2 white imps
  An ufetubus (D:6)
  2 worms (D:2)
  3 dart slugs
  18 orcs
  3 ball pythons
  14 endoplasms
  4 giant cockroaches
  8 goblins
  11 hobgoblins
  2 jackals (D:3)
  3 quokkas (D:1)
  7 bats
  A frilled lizard (D:2)
  13 kobolds
  3 rats
161 creatures vanquished.

Notes
Turn   | Place    | Note
-------+----------+-------------------------------------------
     0 | D:1      | CoinPitGoblin the Demonspawn Conjurer began the quest for
                  | the Orb.
     0 | D:1      | Reached XP level 1. HP: 13/13 MP: 3/3
   401 | D:1      | Discovered your monstrous ancestry.
   401 | D:1      | Gained mutation: You have a pair of small antennae on your
                  | head. [demonic ancestry]
   401 | D:1      | Reached XP level 2. HP: 19/19 MP: 0/5
  1345 | D:2      | Gained mutation: You have large cloven feet. [demonic
                  | ancestry]
  1345 | D:2      | Reached XP level 3. HP: 24/24 MP: 1/6
  1681 | D:2      | Reached skill level 5 in Conjurations
  1712 | D:1      | Learned a level 2 spell: Searing Ray
  2246 | D:2      | Gained mutation: You have a pair of antennae on your head.
                  | [demonic ancestry]
  2246 | D:2      | Reached XP level 4. HP: 30/30 MP: 2/7
  3762 | D:4      | Noticed a scorpion
  3768 | D:4      | Reached skill level 3 in Spellcasting
  3898 | D:4      | Killed a scorpion
  3899 | D:4      | Reached XP level 5. HP: 31/35 MP: 0/9
  4339 | D:4      | Found a staircase to the Ecumenical Temple.
  4370 | Temple   | Entered the Ecumenical Temple
  4389 | Temple   | Became a worshipper of Sif Muna the Loreminder
  4493 | D:4      | Reached skill level 4 in Spellcasting
  4493 | D:4      | Reached XP level 6. HP: 28/41 MP: 3/12
  5228 | D:5      | Entered Level 5 of the Dungeon
  5299 | D:5      | Reached skill level 5 in Spellcasting
  5443 | D:5      | Gained mutation: You have hoof-like feet. [demonic
                  | ancestry]
  5443 | D:5      | Reached XP level 7. HP: 10/47 MP: 7/15
  5444 | D:5      | HP: 2/47 [poisoned by a scorpion]
  5621 | D:5      | Reached skill level 6 in Spellcasting
  5846 | D:5      | Reached skill level 1 in Fighting
  6083 | D:5      | Reached XP level 8. HP: 54/54 MP: 12/18
  6091 | D:5      | Reached skill level 7 in Spellcasting
  6308 | D:5      | Found a hide-covered altar of Uskayaw.
  6504 | D:5      | Found a bloodstained altar of Trog.
  6513 | D:5      | Reached * piety under Sif Muna
  6730 | D:6      | Noticed Eustachio
  6739 | D:6      | Killed Eustachio
  6740 | D:6      | Reached skill level 1 in Invocations
  7177 | D:6      | Reached skill level 8 in Spellcasting
  7561 | D:6      | Gained mutation: Your touch may inflict minor irresistible
                  | damage on your foes. [demonic ancestry]
  7561 | D:6      | Reached XP level 9. HP: 61/61 MP: 16/21
  7818 | D:7      | Reached skill level 5 in Dodging
  8295 | D:7      | Reached ** piety under Sif Muna
  8422 | D:7      | Reached skill level 5 in Invocations
  8619 | D:7      | Reached skill level 9 in Spellcasting
  8826 | D:7      | Found a snail-covered altar of Cheibriados.
  9539 | D:7      | Noticed a troll
  9544 | D:7      | Identified the +6 long sword of the Healing Pariah {heavy,
                  | Fragile rCorr Int+4}
  9544 | D:7      | Noticed a kobold demonologist
  9549 | D:7      | Slain by a troll

Illustrated notes

Levels and vault maps discovered:
D:1:      wander_arrival_estate, layout_basic
D:2:      layout_rooms, corner_web_ring
D:3:      layout_basic, minivault_5, minmay_fractal_squares_gapless_5
D:4:      kennysheep_six_static_rooms, layout_cave_pools,
          minmay_temple_entry_arrows
D:5:      nicolae_BIG_FREAKIN_CUBE, layout_loops_ring,
          mainiacjoe_overflow_catwalk, trog_hazing_becter,
          kennysheep_generic_room_16
D:6:      layout_basic, chequers_serial_rivers_micro_d, uniq_eustachio
D:7:      minmay_the_grid_triangle_9x9_recursive_2
          [minmay_the_grid_triangle_9x9_prize_center,
          minmay_the_grid_triangle_9x9_skeleton,
          minmay_the_grid_triangle_9x9_impossible_snake,
          minmay_the_grid_triangle_9x9_longest], layout_cave_pods,
          kennysheep_slug_shrine
Temple:   nicolae_temple_ecumenical_triangle

Skill      XL: |  1  2  3  4  5  6  7  8  9 |
---------------+----------------------------+-----
Dodging        | 2 3 4 5 |  5.7
Conjurations   | 5 |  5.8
Spellcasting   | 3 4 5 6 8 9 |  9.3
Fighting       | 1 2 |  2.9
Invocations    | 4 5 |  5.8
Armour         | |  0.2
Stealth        | |  1.7

Action                     |  1- 3 |  4- 6 |  7- 9 || total
---------------------------+-------+-------+-------++-------
  Melee: Short sword       |     2 |       |       ||     2
         Rapier            |     3 |     1 |    13 ||    17
         Kick              |     1 |       |     5 ||     6
         Touch             |       |       |     3 ||     3
   Cast: Magic Dart        |    94 |    90 |    11 ||   195
         Searing Ray       |     1 |    13 |    75 ||    89
    Use: Scroll            |     2 |     2 |     1 ||     5
         Potion            |       |       |     5 ||     5
 Armour: Robe              |     3 |     7 |    29 ||    39
         Leather armour    |       |       |    25 ||    25
  Dodge: Dodged            |     5 |    36 |    94 ||   135
